 Dungeon Sprint DCSS version 0.19-a0-1922-g1e9a4c1 (webtiles) character file.

78 LORDOFBUTT the Covert (level 4, -6/22 HPs)
             Began as a Spriggan Assassin on Oct 24, 2016.
             Mangled by an ice beast (14 damage)
             ... in the Dungeon (Sprint IX: "|||||||||||||||||||||||||||||").
             The game lasted 00:00:52 (99 turns).

LORDOFBUTT the Covert (Spriggan Assassin)             Turns: 99, Time: 00:00:52

Health: -6/22      AC:  3    Str:  7    XL:     4   Next: 15%
Magic:  5/5        EV: 23    Int: 12    God:
Gold:   0          SH:  0    Dex: 18    Spells: 0 memorised, 3 levels left

rFire  . . .     SeeInvis +     a - +2 dagger
rCold  . . .     Gourm    .     c - +0 robe
rNeg   . . .     Faith    .     (shield restricted)
rPois  .         Spirit   .     (helmet restricted)
rElec  .         Reflect  .     d - +0 cloak
rCorr  .         Harm     .     (gloves unavailable)
MR     .....     NoTele   +     (boots unavailable)
Stlth  +++++.....               (no amulet)
                                (no ring)
                                (no ring)

@: very quick
A: unfitting armour, see invisible, herbivore 3, speed 3, slow metabolism 2
a: no special abilities


You were in the Dungeon.
You were not hungry.

You visited 1 branch

Inventory:

Hand Weapons
 a - a +2 dagger (weapon)
 b - a +0 blowgun
Missiles
 e - a poisoned needle
 f - 2 curare-tipped needles
Armour
 c - a +0 robe (worn)
 d - a +0 cloak (worn)
Potions
 h - a potion of curing
 i - a potion of heal wounds
 j - a potion of haste
 k - 2 potions of magic
 l - a potion of berserk rage
Comestibles
 g - a bread ration


   Skills:
 - Level 1.5 Fighting
 - Level 2.1 Short Blades
 - Level 2.0 Throwing
 + Level 6.8 Dodging
 * Level 11.6 Stealth


You had 3 spell levels left.
You didn't know any spells.

Dungeon Overview and Level Annotations

Branches:
Dungeon (1/1)

Altars:


Innate Abilities, Weirdness & Mutations

You are very small and have problems with some larger weapons.
You are too small for most types of armour.
You have supernaturally acute eyesight. (SInv)
You are a herbivore.
You cover ground extremely quickly.
You need consume almost no food.


Message History

You shoot a poisoned needle.
The poisoned needle closely misses the ice beast.
The ice beast misses you.
Firing (i - inventory. (,) - cycle):
e - 3 poisoned needles (quivered)
Press: ? - help, Shift-Dir - straight line, f/p - ice beast
Aim: an ice beast You shoot a poisoned needle.
The poisoned needle hits the ice beast.
The ice beast is poisoned.
There is a staircase leading out of the dungeon here.
Firing (i - inventory. (,) - cycle):
e - 2 poisoned needles (quivered)
Press: ? - help, Shift-Dir - straight line, f/p - ice beast
Aim: an ice beast (lightly wounded, poisoned)
You shoot a poisoned needle. The poisoned needle hits the ice beast.
The ice beast is lightly wounded.
The ice beast hits you. The ice beast freezes you.
Wield which item (- for none, * to show all)? (? for menu, Esc to quit)
a - a +2 dagger (weapon)
The ice beast hits you. The ice beast freezes you!
Ouch! That really hurt!
You die... ▓▓▓▓▓▓▓▓▓▓▓▓▓▓▓▓▓▓ ▓@Y..††5.(((†..Y.+ ▓▓▓▓▓▓▓▓▓▓▓▓▓▓▓▓▓▓

You could see an ice beast and a crimson imp.

Vanquished Creatures
  A scorpion (D)
  A worker ant (D)
  A leopard gecko (D)
  An orc (D)
  A giant cockroach (D)
  A frilled lizard (D)
  2 rats (D)
8 creatures vanquished.

Notes
Turn   | Place    | Note
-------+----------+-------------------------------------------
     0 | D        | LORDOFBUTT the Spriggan Assassin began the quest for the Orb.
     0 | D        | Reached XP level 1. HP: 10/10 MP: 2/2
     7 | D        | Reached skill level 6 in Stealth
    12 | D        | Reached skill level 7 in Stealth
    41 | D        | Noticed a worker ant
    41 | D        | Noticed a scorpion
    41 | D        | Noticed a crimson imp
    41 | D        | Noticed an ice beast
    43 | D        | Killed a worker ant
    43 | D        | Reached skill level 5 in Dodging
    43 | D        | Reached skill level 9 in Stealth
    43 | D        | Reached XP level 2. HP: 14/14 MP: 3/3
    43 | D        | Reached XP level 3. HP: 18/18 MP: 4/4
    60 | D        | Killed a scorpion
    60 | D        | Reached skill level 11 in Stealth
    60 | D        | Reached XP level 4. HP: 20/22 MP: 5/5
    99 | D        | Mangled by an ice beast

Vault maps used:
D:        linesprint

Skill      XL: |  1  2  3 |
---------------+----------+-----
Stealth        | 9 11 | 11.6
Dodging        | 5 6 |  6.8
Fighting       | |  1.5
Short Blades   | |  2.1
Throwing       | |  2.0

Action                   |  1- 3 |  4- 6 || total
-------------------------+-------+-------++-------
Melee: Dagger            |    26 |    24 ||    50
 Fire: Blowgun           |     3 |     4 ||     7
  Use: Scroll            |     1 |       ||     1
 Stab: Sleeping          |     1 |       ||     1
Armor: Robe              |     2 |     1 ||     3
Dodge: Dodged            |    19 |    15 ||    34
